 Dungeon Crawl Stone Soup version 0.25.0-11-g1f837a76a1 (webtiles) character file.

Game seed: 8105845132909835590

4042 Flugkiller the Covert (level 10, 0/48 (49) HPs)
             Began as a Spriggan Enchanter on June 26, 2020.
             Was a Priest of Dithmenos.
             Slain by a blink frog (4 damage)
             ... while petrified by a basilisk
             ... on level 1 of the Lair of Beasts.
             The game lasted 00:24:07 (7760 turns).

Flugkiller the Covert (Spriggan Enchanter)          Turns: 7760, Time: 00:24:07

HP:   0/48 (49)     AC:  5    Str:  4    XL:     10   Next: 4%
MP:   24/26         EV:  4    Int: 16    God:    Dithmenos [***...]
Gold: 235           SH:  0    Dex: 21    Spells: 8/17 levels left

rFire    . . .     SeeInvis +   u - +1 dagger (elec)
rCold    . . .     Gourm    .   (shield restricted)
rNeg     + + +     Faith    .   b - +0 robe
rPois    ∞         Spirit   .   (helmet restricted)
rElec    .         Reflect  .   m - +2 cloak
rCorr    .         Harm     .   (gloves unavailable)
MR       +....                  (boots unavailable)
Stlth    +++++++...             (no amulet)
HPRegen  0.16/turn              v - ring of magical power
MPRegen  0.20/turn              (no ring)

@: petrified, wreathed by umbra, lightly drained, very quick
A: very small, unfitting armour, see invisible, herbivore, speed 3, slow
metabolism 2
a: Shadow Step, Renounce Religion


You were on level 1 of the Lair of Beasts.
You worshipped Dithmenos.
Dithmenos was most pleased with you.
You were not hungry.

You visited 3 branches of the dungeon, and saw 11 of its levels.
You also visited: Ossuary.

You collected 235 gold pieces.

Inventory:

Hand Weapons
 a - a +0 dagger of venom
   (You took it off an orc on level 9 of the Dungeon)
 u - a +1 dagger of electrocution (weapon)
   (You found it on level 9 of the Dungeon)
Armour
 b - a +0 robe (worn)
 i - a +0 robe of magic resistance
   (You found it on level 8 of the Dungeon)
 m - a +2 cloak (worn)
   (You found it on level 4 of the Dungeon)
Jewellery
 v - a ring of magical power (left hand)
   (You found it on level 7 of the Dungeon)
Wands
 j - a wand of polymorph (10)
   (You found it on level 3 of the Dungeon)
 q - a wand of digging (6)
   (You found it on level 5 of the Dungeon)
 t - a wand of clouds (7)
   (You found it on level 5 of the Dungeon)
Scrolls
 c - a scroll of torment {unknown}
 e - a scroll of immolation
 l - 2 scrolls of fog
 r - a scroll of vulnerability
 s - a scroll of enchant weapon {unknown}
Potions
 f - 4 potions of curing
 g - 3 potions of mutation
 h - a potion of might
 k - 2 potions of stabbing
 p - a potion of resistance
Comestibles
 d - a ration


   Skills:
 + Level 4.0(3.5) Fighting
 - Level 6.0(5.4) Short Blades
 + Level 10.0(9.4) Dodging
 + Level 12.0(11.4) Stealth
 - Level 4.0(3.5) Spellcasting
 - Level 8.0(7.4) Hexes
 - Level 5.0(4.5) Evocations


You had 8 spell levels left.
You knew the following spells:

 Your Spells              Type           Power        Failure   Level  Hunger
a - Corona                Hex            ####...      1%          1    None
b - Ensorcelled Hibernat  Hex/Ice        ##....       6%          2    ##.....
c - Confusing Touch       Hex            ####....     2%          3    ###....
d - Tukima's Dance        Hex            ####....     2%          3    ###....

Your spell library contained the following spells:

 Spells                   Type           Power        Failure   Level  Hunger
 Dazzling Flash           Conj/Hex       ##....       12%         3    ###....


Dungeon Overview and Level Annotations

Branches:
Dungeon (9/15)             Temple (1/1) D:6            Lair (1/6) D:8
Ossuary (visited)
    Orc: D:9-12

Altars:
Ashenzari
Cheibriados
Dithmenos
Elyvilon
Fedhas
Gozag
Hepliaklqana
Kikubaaqudgha
Makhleb
Nemelex Xobeh
Okawaru
Qazlal
Ru
Sif Muna
Trog
Wu Jian
Xom
Yredelemnul
The Shining One

Shops:
D:4 =

Annotations:
D:3 Grinder
D:4 exclusion: orc
D:6 2 transporters, Edmund
D:9 exclusion: two-headed ogre


Innate Abilities, Weirdness & Mutations

You are very small and have problems with some larger weapons.
You are too small for most types of armour.
You have supernaturally acute eyesight. (SInv)
You are a herbivore.
You cover ground extremely quickly.
You need to consume almost no food.


Message History

The basilisk gazes at you.
You are slowing down.
Found 28 arrows.
Okay, then.
Unknown command.
The basilisk gazes at you. You resist with almost no effort.
Unknown command.
Casting: Confusing Touch (dangerous; 2% risk of failure)
Confirm with . or Enter, or press ? or * to list all spells.
Aiming: Ensorcelled Hibernation (safe; 6% risk of failure)
Press: ? - help, Shift-Dir - straight line, f - basilisk
Aim: a basilisk (umbra, chance to defeat MR: 45%)
The basilisk resists with some effort.
The blink frog gives a loud, deep croak!
You hear a loud, deep croak!
The blink frog blinks! x2
The basilisk gazes at you. You resist with almost no effort.
You have turned to stone.
A blink frog comes into view.
The basilisk bites you! The basilisk gazes at you.
You resist with almost no effort.
A crocodile comes into view.
The basilisk bites you!
The blink frog blinks!
The basilisk bites you!
* * * LOW HITPOINT WARNING * * *
The basilisk gazes at you. You resist with almost no effort.
A hound comes into view.
The basilisk bites you!
* * * LOW HITPOINT WARNING * * *
The basilisk gazes at you. You resist with almost no effort.
The basilisk bites you.
* * * LOW HITPOINT WARNING * * *
The blink frog hits you.
* * * LOW HITPOINT WARNING * * *
The crocodile bites you. The blink frog hits you!
* * * LOW HITPOINT WARNING * * *
The blink frog blinks!
The basilisk bites you.
* * * LOW HITPOINT WARNING * * *
The blink frog hits you!
* * * LOW HITPOINT WARNING * * *
The crocodile barely misses you.
The hound barks!
The blink frog gives a loud, deep croak!
The blink frog hits you!
You die...

... .P#....
....... ###
....... #.#
..F....
##.###.!....
#Pl##....#
###..@F....#
#....Ft...#(..
#......h[.#
##..<....###
#........FP#
#...............
#...........##...
#.........(..# ..
#............# .


You could see a basilisk, 4 blink frogs, a crocodile and a hound.

Vanquished Creatures
  A hornet (D:9)
  2 hippogriffs
  2 wyverns
  3 orc warriors
  2 sky beasts
  A phantom (D:7)
  2 necrophages (D:8)
  3 ogres
  2 centaurs
  3 bullfrogs (D:6)
  5 scorpions
  5 killer bees (D:7)
  7 wights
  A howler monkey (D:8)
  3 crimson imps
  8 hounds
  5 orc priests
  2 jellies
  2 centaur skeletons
  4 orc wizards
  An iguana (D:4)
  4 worker ants
  2 killer bee zombies
  A hound skeleton (D:5)
  A howler monkey skeleton (D:5)
  An adder (D:6)
  4 shadow imps
  A dart slug (D:2)
  3 leopard geckos
  28 orcs
  3 ball pythons
  3 giant cockroaches
  A gnoll zombie (D:7)
  2 goblins
  A hobgoblin (D:3)
  16 jackals
  3 quokkas
  A ball python zombie (D:5)
  2 bats (D:2)
  A frilled lizard (D:3)
  2 jackal skeletons (D:9)
  A quokka skeleton (D:8)
  4 rats
149 creatures vanquished.

Vanquished Creatures (collateral kills)
  A wight (D:8)
  An orc (D:9)
2 creatures vanquished.

Vanquished Creatures (others)
  4 dancing weapons
4 creatures vanquished.

Grand Total: 155 creatures vanquished

Notes
Turn   | Place    | Note
-------+----------+-------------------------------------------
     0 | D:1      | Flugkiller the Spriggan Enchanter began the quest for the
                  | Orb.
     0 | D:1      | Reached XP level 1. HP: 9/9 MP: 5/5
   315 | D:1      | Reached skill level 5 in Stealth
   646 | D:2      | Reached XP level 2. HP: 10/13 MP: 4/6
   716 | D:1      | Learned a level 2 spell: Ensorcelled Hibernation
   840 | D:2      | Found a hazy altar of Hepliaklqana.
  1264 | D:2      | Reached skill level 6 in Stealth
  1330 | D:3      | Noticed Grinder
  1420 | D:3      | Found a shimmering altar of Xom.
  1458 | D:4      | Noticed an ogre
  1753 | D:3      | Found a sparkling altar of Nemelex Xobeh.
  1884 | D:3      | Reached XP level 3. HP: 16/16 MP: 2/8
  2031 | D:4      | Noticed a scorpion
  2033 | D:4      | Found a white marble altar of Elyvilon.
  2044 | D:4      | Reached skill level 7 in Stealth
  2060 | D:4      | Killed a scorpion
  2060 | D:4      | Reached skill level 8 in Stealth
  2060 | D:4      | Reached XP level 4. HP: 20/21 MP: 3/9
  2140 | D:4      | Reached XP level 5. HP: 24/24 MP: 5/11
  2355 | D:5      | Entered Level 5 of the Dungeon
  2360 | D:5      | Learned a level 3 spell: Confusing Touch
  2777 | D:4      | Reached skill level 5 in Hexes
  2900 | D:4      | Found Runaecip's Jewellery Boutique.
  2976 | D:4      | Found an iron altar of Okawaru.
  2976 | D:4      | Found a glowing golden altar of the Shining One.
  3581 | D:5      | Reached XP level 6. HP: 28/28 MP: 13/13
  4152 | D:6      | Found a transporter.
  4153 | D:6      | Found a staircase to the Ecumenical Temple.
  4167 | Temple   | Entered the Ecumenical Temple
  4173 | Temple   | Became a worshipper of Dithmenos the Shadowed
  4308 | D:6      | Noticed Edmund
  4354 | D:6      | Reached XP level 7. HP: 26/32 MP: 6/14
  4498 | D:6      | Found a transporter.
  4521 | D:6      | Reached skill level 1 in Fighting
  5040 | D:7      | Learned a level 3 spell: Tukima's Dance
  5203 | D:7      | Reached skill level 5 in Dodging
  5287 | D:7      | Reached XP level 8. HP: 39/39 MP: 15/15
  5387 | D:7      | Reached * piety under Dithmenos
  5396 | D:7      | Found a sand-covered staircase.
  5405 | Ossuary  | Entered an ossuary
  5956 | D:8      | Found a staircase to the Lair.
  5956 | D:8      | Noticed a death yak
  5958 | D:8      | Noticed a death yak
  5961 | D:8      | Noticed a death yak
  5985 | D:8      | Noticed a hippogriff
  5996 | D:8      | Killed a hippogriff
  5996 | D:8      | Reached skill level 9 in Stealth
  6198 | D:8      | Reached XP level 9. HP: 44/44 MP: 16/16
  6237 | D:8      | Reached skill level 5 in Short Blades
  6373 | D:9      | Found a basalt altar of Yredelemnul.
  6385 | D:9      | Reached ** piety under Dithmenos
  6718 | D:9      | Reached skill level 10 in Stealth
  7020 | D:7      | Reached skill level 11 in Stealth
  7181 | D:7      | Reached skill level 12 in Stealth
  7271 | D:8      | Reached skill level 1 in Evocations
  7453 | D:9      | Noticed a two-headed ogre
  7553 | D:9      | Reached *** piety under Dithmenos
  7586 | D:9      | Reached XP level 10. HP: 34/48 MP: 8/17
  7628 | D:9      | Reached skill level 10 in Dodging
  7678 | D:9      | Reached skill level 5 in Evocations
  7740 | Lair:1   | Entered Level 1 of the Lair of Beasts
  7760 | Lair:1   | Slain by a blink frog

Illustrated notes

Levels and vault maps discovered:
D:1:      matt_arrival_los_fun, layout_basic
D:2:      layout_loops_cross, marbit_many_paths
D:3:      layout_basic, xom_teletrap_fun, nemelex_altar_shiori, first_ration,
          uniq_grinder
D:4:      layout_basic, gammafunk_temple_overflow_pools, serial_shops, shop,
          elyvilon_altar_5, uniq_sigmund
D:5:      layout_loops_ring
D:6:      gammafunk_cloud_chamber, layout_cave_pools, minmay_temple_entry_wispy,
          minmay_manual_monstrance, uniq_edmund
D:7:      layout_basic, enter_ossuary_3
D:8:      layout_loops_ring, dpeg_lair_monsters
D:9:      layout_basic, nicolae_overflow_crystal_walls
Temple:   nicolae_temple_x_marks_the_god
Lair:1:   beast_lair_carwin_large_1, layout_misc_corridors

Skill      XL: |  1  2  3  4  5  6  7  8  9 10 |
---------------+-------------------------------+-----
Stealth        | 5 6 8 9 12 | 12.0
Spellcasting   | 3 4 |  4.0
Hexes          | 4 5 7 8 |  8.0
Fighting       | 2 3 4 |  4.0
Short Blades   | 3 4 6 |  6.0
Dodging        | 5 8 9 10 | 10.0
Evocations     | 4 5 |  5.0

Action                   |  1- 3 |  4- 6 |  7- 9 | 10-12 || total
-------------------------+-------+-------+-------+-------++-------
Melee: Dagger            |    72 |    83 |   323 |    11 ||   489
 Cast: Corona            |    11 |     1 |       |       ||    12
       Ensorcelled Hiber |    19 |    36 |    78 |     2 ||   135
       Confusing Touch   |       |     3 |    13 |     1 ||    17
       Tukima's Dance    |       |       |    12 |       ||    12
  Use: Scroll            |       |       |    13 |       ||    13
 Stab: Sleeping          |    15 |    26 |    56 |     1 ||    98
       Confused          |       |     4 |    13 |     1 ||    18
       Distracted        |       |       |     2 |     1 ||     3
  Eat: Ration            |       |     2 |     5 |       ||     7
Armor: Robe              |     6 |     9 |    18 |     1 ||    34
Dodge: Dodged            |    77 |    78 |   286 |     6 ||   447
